 Dungeon Crawl Stone Soup version 0.32-a0-599-gba8f9cf90e (webtiles) character file.

Game seed: 11914236192764931300

84 cforsyth the Grave Robber (level 4, -3/37 HPs)
             Began as a Mountain Dwarf Necromancer on Mar 2, 2024.
             Slain by a gnoll
             ... wielding a +0 whip
              (7 damage)
             ... on level 2 of the Dungeon.
             The game lasted 00:04:00 (2619 turns).

cforsyth the Grave Robber (MDNe)                    Turns: 2619, Time: 00:04:01

Health: -3/37      AC:  5    Str: 10    XL:     4   Next: 23%
Magic:  1/6        EV: 11    Int: 18    God:
Gold:   126        SH:  0    Dex: 10    Spells: 5/6 levels left

rFire   . . .        n - +0 whip
rCold   . . .        (no shield)
rNeg    . . .        a - +0 robe
rPois   .            p - +1 helmet
rElec   .            (no cloak)
rCorr   .            (no gloves)
SInv    .            d - +0 pair of boots
Will    .....        (no amulet)
Stlth   ++           (no ring)
HPRegen 0.26/turn    (no ring)
MPRegen 0.10/turn

%: no passive effects
@: no status effects
A: runic magic, artefact enchanting
a: no special abilities


You were on level 2 of the Dungeon.
You visited 1 branch of the dungeon, and saw 3 of its levels.

You collected 126 gold pieces.


Innate Abilities, Weirdness & Mutations

Your spellcasting is much less encumbered by armour.
You can use scrolls of enchantment on lesser artefacts.


   Skills:
 + Level 2.9 Fighting
 - Level 1.3 Dodging
 - Level 1.4 Stealth
 - Level 1.7 Spellcasting
 + Level 5.4 Necromancy


You had 5 spell levels left.
You knew the following spells:

 Your Spells              Type           Power      Damage    Failure   Level
X - Necrotise             Necr           84%        1d8       1%          1

Your spell library contained the following spells:

 Spells                   Type           Power      Damage    Failure   Level
 Vampiric Draining        Necr           21%        2d7       6%          3
 Apportation              Tloc           2%         N/A       19%         1
 Animate Dead             Necr           21%        N/A       19%         4
 Curse of Agony           Necr           21%        N/A       47%         5
 Inner Flame              Hex/Fire       1%         N/A       50%         3
 Passage of Golubria      Tloc           1%         N/A       88%         4
 Discord                  Hex            0%         N/A       100%        8

Inventory:

Hand Weapons
 n - a +0 whip (weapon)
Armour
 a - a +0 robe (worn)
 d - a +0 pair of boots (worn)
 p - a +1 helmet (worn)
Scrolls
 c - a scroll of teleportation {@r2}
 g - 3 scrolls of fog {unknown}
 k - a scroll of revelation {unknown}
 l - a scroll of torment {unknown}
Potions
 b - a potion of magic
 e - 2 potions of curing {@q1}
 f - a potion of resistance {unknown}
 i - 2 potions of enlightenment
 j - a potion of degeneration {unknown}
 o - a potion of brilliance {unknown}
 r - a potion of heal wounds {unknown}
 s - a potion of cancellation {unknown}

Dungeon Overview and Level Annotations

Branches:
Dungeon (3/15)

Altars:
Qazlal

Shops:
D:1

=
####..##...#.#.......
##.....##...#.#.......
#..###.##...#.#.......
#.###..##...#.#.......
#.###.###...#.........
#.....# #......#......
#####.###...#.##.#....
#g......#.##......
#@................
#.#..####.#.......
#.....# #...##...)
##..##.###.<.#.....
#...##.............
#..####............
#.## #............#
### #............#
#####.............


You could see a gnoll.


Message History

The gnoll hits you from afar with a +0 spear.
The gnoll writhes in agony.
The gnoll hits you with a +0 whip!
* * * LOW HITPOINT WARNING * * *
The gnoll hits you but does no damage. The gnoll hits you with a +0 whip.
* * * LOW HITPOINT WARNING * * *
The gnoll hits you from afar with a +0 spear.
* * * LOW HITPOINT WARNING * * *
You climb upwards.
There is a stone staircase leading down here.
Unknown command.
You closely miss the gnoll.
The gnoll is severely wounded.
The gnoll hits you with a +0 whip.
* * * LOW HITPOINT WARNING * * *
You hit the gnoll.
The gnoll is severely wounded.
The gnoll hits you with a +0 whip.
* * * LOW HITPOINT WARNING * * *
The gnoll hits you with a +0 whip.
* * * LOW HITPOINT WARNING * * *
Unknown command.
You barely miss the gnoll.
The gnoll is severely wounded.
The gnoll closely misses you.
Unknown command.
You barely miss the gnoll.
The gnoll is severely wounded.
The gnoll hits you with a +0 whip!
You die...

Skill      XL: |  1  2 |
---------------+-------+-----
Fighting       | 1 2 |  2.9
Necromancy     | 5 |  5.4
Dodging        | |  1.3
Stealth        | |  1.4
Spellcasting   | |  1.7

Action                     |  1- 3 |  4- 6 || total
---------------------------+-------+-------++-------
  Melee: Unarmed           |    17 |       ||    17
         Whip              |     2 |     4 ||     6
   Cast: Necrotise         |    71 |    25 ||    96
    Use: Scroll            |       |     5 ||     5
 Armour: Robe              |    12 |    17 ||    29
  Dodge: Dodged            |    17 |    12 ||    29

Levels and vault maps discovered:
D:1:      psy_arrival_terrarium, layout_loops_corners, nicolae_shop_unique_rings
D:2:      layout_rooms, basic_ecumenical_altar, minmay_tetromino_l2
D:3:      layout_basic, lemuel_crystal_altar

Notes
Turn   | Place    | Note
-------+----------+-------------------------------------------
     0 | D:1      | cforsyth the Mountain Dwarf Necromancer began the quest for
                  | the Orb.
     0 | D:1      | Reached XP level 1. HP: 14/14 MP: 3/3
   418 | D:1      | Reached skill level 1 in Fighting
   419 | D:1      | Reached XP level 2. HP: 23/23 MP: 0/4
   558 | D:1      | Found Uranifai's One-of-a-Kind Rings.
  1107 | D:2      | Reached skill level 2 in Fighting
  1110 | D:2      | Reached skill level 5 in Necromancy
  1110 | D:2      | Reached XP level 3. HP: 20/29 MP: 1/5
  1611 | D:2      | Found a faded altar of an unknown god.
  2160 | D:3      | Reached XP level 4. HP: 37/37 MP: 4/6
  2222 | D:3      | Got Maaczuf's Book of the Cooper
  2332 | D:3      | Found a stormy altar of Qazlal.
  2617 | D:2      | HP: 3/37 [gnoll/+0 whip (2)]
  2619 | D:2      | Slain by a gnoll

Vanquished Creatures
  An adder (D:2)
  A gnoll (D:3)
  2 ribbon worms
  2 ball pythons
  6 bats
  4 endoplasms
  3 goblins
  5 hobgoblins
  3 jackals (D:1)
  5 kobolds
  2 quokkas (D:2)
  4 frilled lizards
  5 rats
43 creatures vanquished.

Vanquished Creatures (collateral kills)
  An adder (D:2)
  3 endoplasms
4 creatures vanquished.

Grand Total: 47 creatures vanquished

Table legend: (Time is in decaauts)
 A = Elapsed time spent in this place.
 B = Non-inter-level travel time spent in this place.
 C = Inter-level travel time spent in this place.
 D = Time resting spent in this place.
 E = Time spent auto-exploring this place.
 F = Levels seen in this place.
 G = Mean time per level.
                   A        B        C        D        E       F      G
               +--------+--------+--------+--------+--------+-----+--------+
         Total |   2624 |   2572 |     52 |    195 |   1934 |   3 |  874.7 |
       Dungeon |   2624 |   2572 |     52 |    195 |   1934 |   3 |  874.7 |
               +--------+--------+--------+--------+--------+-----+--------+

Top non-repeatable levels by time:
     D:1: 1156 daAuts
     D:2: 783 daAuts
     D:3: 685 daAuts

Table legend:
 A = Non-vault XP
 B = Vault XP
 C = Vault XP percentage of total XP
 D = Non-vault monster count
 E = Vault monster count
 F = Vault count percentage of total count
                 A         B        C        D         E       F
            +---------+---------+-------+---------+---------+-------
      Total |     116 |       4 |   3.3 |      45 |       2 |   4.3
            +---------+---------+-------+---------+---------+-------
        D:1 |      20 |       0 |   0.0 |      11 |       0 |   0.0
        D:2 |      59 |       4 |   6.3 |      21 |       2 |   8.7
        D:3 |      37 |       0 |   0.0 |      13 |       0 |   0.0
            +---------+---------+-------+---------+---------+-------
